Map: Korhal Carnage Knockout LE

Players

A.I. 7 (Hard)

  • Race: Terran Terran
  • Spawn Location: 12:00

A.I. 6 (Hard)

  • Race: Zerg Zerg
  • Spawn Location: 6:00

A.I. 5 (Hard)

  • Race: Protoss Protoss
  • Spawn Location: 9:00

A.I. 4 (Hard)

  • Race: Protoss Protoss
  • Spawn Location: 9:00

Farkwad - Winner!

  • Race: Zerg Zerg
  • Spawn Location: 12:00

TNF - Winner!

  • Race: Protoss Protoss
  • Spawn Location: 3:00

Raynar - Winner!

  • Race: Protoss Protoss
  • Spawn Location: 3:00

Throwfordays - Winner!

  • Race: Protoss Protoss
  • League: Silver
  • Spawn Location: 6:00

VOD

Have the link to the VOD?

Description

Time

  • Played on: April 25, 2019, 9:51 p.m.
  • Length: 11:52
Show
View Real Time Build Order
Export as new Build Order

A.I. 7 (Hard) Terran 

Build Orders:  

Get SALT Encoding   

  12  0:01  SCV  
  13  0:13  SCV  
  14  0:19  Supply Depot  
  14  0:25  SCV  
  15  0:40  SCV  
  16  0:43  Barracks  
  16  0:49  Refinery  
  16  0:53  SCV  
  17  1:05  SCV  
  18  1:17  SCV  
  19  1:20  Supply Depot  
  19  1:29  Marine, SCV  
  21  1:40  Barracks  
  21  1:43  Orbital Command  
  21  1:48  Barracks Tech Lab  
  21  1:50  Refinery  
  21  2:06  Marine  
  21  2:08  Supply Depot  
  22  2:24  Marine  
  22  2:27  Marine  
  24  2:41  Marine  
  24  2:42  Supply Depot  
  25  2:46  Marine  
  26  2:59  Marine  
  26  3:05  Marine  
  28  3:12  Supply Depot  
  28  3:15  SCV  
  28  3:17  Marine  
  30  3:24  Marine  
  30  3:26  Engineering Bay  
  31  3:27  SCV  
  32  3:35  Marauder  
  32  3:39  SCV  
  35  3:42  Marine  
  36  3:51  SCV  
  37  3:56  Marine  
  38  4:03  SCV  
  39  4:15  Marauder  
  39  4:16  SCV  
  42  4:36  Marauder  
  44  4:57  Marauder  
  46  5:19  Marauder  
  48  6:23  Marine  
  41  6:27  Barracks Tech Lab  
  41  6:31  Terran Infantry Weapons Level 1  
  40  6:33  Factory  
  40  6:38  Supply Depot  
  39  6:40  Missile Turret  
  39  6:41  Marine  
  39  6:43  Missile Turret  
  39  6:45  Marine  
  39  6:46  Barracks, Combat Shield  
  41  6:50  Factory  
  41  6:52  Stimpack  
  41  6:59  Marine  
  42  7:01  Supply Depot  
  42  7:03  Marine  
  42  7:05  Bunker  
  43  7:17  Marine  
  43  7:21  Marine, Starport  
  43  7:22  Factory Tech Lab  
  45  7:29  Starport  
  45  7:35  Marine, Factory Tech Lab  
  46  7:37  Marine  
  47  7:46  Widow Mine  
  47  7:48  Sensor Tower  
  49  7:54  Widow Mine  
  51  7:59  Starport Tech Lab  
  51  8:05  Concussive Shells  
  51  8:07  Armory, Starport Tech Lab  
  51  8:08  Siege Tank  
  54  8:13  Barracks Reactor  
  54  8:15  Siege Tank  
  54  8:18  Raven  
  59  8:26  Terran Infantry Armor Level 1, Raven  
  60  8:27  Barracks Reactor  
  60  8:54  Marine  
  52  9:01  Viking  
  44  9:04  Hellion  
  44  9:07  Marauder  
  45  9:12  Marauder  
  45  9:15  Hellion  
  39  9:18  SCV  
  39  9:19  Viking  
  40  9:25  Hellion  
  40  9:29  Marauder  
  40  9:30  SCV  
  44  9:36  Hellion  
  44  9:39  Marine  
  44  9:43  SCV  
  44  9:47  Marine  
  43  9:55  Marine  
  44  10:00  Raven  
  44  10:03  Marine  
  47  10:11  Marine  
  47  10:12  Raven  
  50  10:19  Marine  
  51  10:26  Marine  
  52  10:29  Command Center  
  52  10:34  Marine  
  53  10:41  Siege Tank  
  56  10:43  Medivac  
  56  10:44  Supply Depot  
  56  10:47  Siege Tank  
  59  10:55  Medivac, Marauder  
  57  10:58  Marine  
  57  11:00  SCV  
  57  11:02  Marine  
  41  11:06  Marine  
  24  11:15  SCV  
  24  11:17  Marauder  
Show
View Real Time Build Order
Export as new Build Order

A.I. 6 (Hard) Zerg 

Build Orders: 1 Base Baneling Bust, Pool Only 

Get SALT Encoding   

  12  0:01  Drone  
  13  0:12  Overlord  
  13  0:17  Drone  
  14  0:30  Drone  
  14  0:32  Drone  
  16  0:43  Spawning Pool  
  16  0:44  Drone  
  16  0:47  Drone  
  17  0:51  Extractor  
  17  0:55  Drone  
  17  1:06  Overlord  
  17  1:31  Zergling x2, Queen  
  20  1:35  Roach Warren  
  20  1:38  Drone  
  20  1:39  Extractor  
  20  1:40  Drone  
  20  1:49  Zergling x2  
  21  2:00  Drone  
  22  2:18  Roach  
  22  2:21  Overlord  
  24  2:32  Roach  
  26  2:39  Drone  
  26  2:41  Overlord  
  27  2:44  Roach  
  29  2:52  Drone  
  29  2:56  Roach  
  32  3:09  Roach  
  32  3:12  Overlord  
  34  3:21  Roach  
  36  3:33  Roach  
  38  3:36  Overlord  
  38  3:40  Drone  
  39  3:44  Drone  
  39  3:45  Roach  
  39  3:47  Drone  
  43  3:51  Drone  
  44  3:58  Drone  
  45  4:08  Baneling Nest  
  45  4:09  Roach  
  46  4:13  Drone, Evolution Chamber  
  46  4:14  Drone  
  47  4:17  Drone  
  47  4:21  Roach  
  50  4:33  Roach  
  54  4:45  Roach  
  54  5:34  Zergling x2  
  54  6:40  Zergling x2  
  49  6:49  Zerg Melee Weapons Level 1, Overlord  
  49  6:51  Burrow  
  49  6:52  Evolution Chamber, Roach  
  42  6:55  Spore Crawler  
  42  6:59  Spore Crawler  
  42  7:00  Drone  
  41  7:04  Roach  
  43  7:15  Zergling x2  
  43  7:18  Zerg Missile Weapons Level 1  
  44  7:24  Spine Crawler  
  44  7:27  Spine Crawler  
  37  7:41  Zergling x2  
  29  7:53  Roach  
  27  8:01  Queen  
  27  8:04  Roach  
  30  8:16  Roach  
  32  8:27  Roach  
  34  8:38  Lair  
  34  8:39  Zergling x2  
  31  8:52  Roach  
  33  9:03  Roach  
  35  9:15  Zergling x2  
  31  9:19  Zergling x2  
  31  9:22  Zergling x2  
  30  9:26  Zergling x2  
  30  9:29  Overlord  
  30  9:30  Zergling x2  
  30  9:32  Drone  
  28  9:42  Roach  
  24  9:46  Zergling x2  
  24  9:47  Overseer  
  24  9:48  Drone  
  24  9:49  Drone  
  24  9:50  Zergling x2, Overseer, Overlord  
  24  9:51  Drone, Overlord  
  9  9:53  Drone  
  9  9:56  Zergling x2, Drone  
  9  9:58  Drone  
  13  10:00  Drone  
Show
View Real Time Build Order
Export as new Build Order

A.I. 5 (Hard) Protoss 

Build Orders:  

Get SALT Encoding   

  12  0:01  Probe  
  13  0:13  Probe  
  14  0:20  Pylon  
  14  0:25  Probe  
  15  0:34  Probe  
  15  0:42  Probe  
  16  0:47  Assimilator  
  17  0:51  Gateway  
  17  0:52  Probe  
  18  1:00  Probe  
  18  1:01  Pylon  
  19  1:19  Probe  
  20  1:38  Zealot  
  22  1:41  Gateway  
  22  1:42  Cybernetics Core  
  22  1:44  Assimilator  
  22  2:00  Pylon  
  22  2:09  Stalker  
  22  2:11  Warp Gate  
  24  2:30  Zealot  
  26  2:39  Pylon  
  26  2:41  Adept  
  28  2:57  Adept  
  30  3:10  Probe  
  30  3:11  Adept  
  33  3:20  Pylon  
  33  3:22  Probe  
  34  3:27  Adept  
  36  3:34  Probe  
  37  3:41  Adept  
  37  3:43  Forge  
  37  3:46  Probe  
  40  3:58  Probe  
  41  4:04  Adept  
  43  4:10  Probe  
  44  4:19  Adept  
  46  4:30  Adept  
  48  6:02  Stalker  
  48  6:03  Protoss Ground Weapons Level 1  
  50  6:05  Gateway  
  50  6:10  Photon Cannon  
  50  6:12  Photon Cannon, Stalker  
  50  6:13  Nexus  
  50  6:16  Robotics Facility  
  50  6:18  Stargate  
  52  6:20  Twilight Council  
  52  6:23  Zealot  
  52  6:25  Forge  
  44  6:27  Pylon  
  33  6:33  Zealot  
  33  6:43  Stalker  
  35  6:53  Stalker  
  37  6:57  Protoss Ground Armor Level 1  
  37  7:03  Stalker  
  39  7:11  Observer  
  39  7:13  Zealot  
  42  7:23  Adept  
  42  7:24  Probe  
  42  7:25  Probe  
  46  7:33  Observer, Zealot  
  46  7:34  Pylon, Probe  
  49  7:37  Probe  
  49  7:43  Stalker  
  53  7:45  Probe  
  53  7:46  Blink  
  53  7:49  Probe  
  55  7:53  Stalker  
  55  7:57  Probe  
  58  8:00  Pylon  
  58  8:01  Probe  
  58  8:04  Sentry  
  49  8:09  Probe  
  44  8:14  Adept, Probe  
  46  8:21  Probe  
  46  8:22  Probe  
  46  8:24  Zealot  
  48  8:31  Probe  
  48  8:33  Probe  
  49  8:34  Stalker  
  49  8:39  Probe  
  52  8:44  Zealot  
  55  8:54  Zealot  
  57  9:05  Zealot  
  57  9:06  Assimilator  
  59  9:12  Photon Cannon  
  59  9:15  Stalker  
  61  9:19  Photon Cannon  
  55  9:25  Stalker  
  55  9:27  Probe  
  55  9:30  Probe  
  57  9:35  Stalker, Probe  
  55  9:45  Stalker  
  58  9:55  Adept  
  60  10:05  Zealot  
  58  10:15  Zealot  
  52  10:23  Warp Prism  
  52  10:25  Stalker  
  50  10:32  Gateway  
  50  10:34  Robotics Facility, Zealot  
  54  10:36  Stargate  
  54  10:41  Zealot  
  50  10:46  Void Ray  
  54  10:56  Pylon, Zealot  
  50  10:59  Zealot  
  35  11:05  Nexus  
  35  11:09  Stalker  
  32  11:18  Stalker  
  29  11:22  Probe  
  26  11:27  Pylon, Sentry  
  26  11:29  Pylon  
  12  11:43  Zealot  
Show
View Real Time Build Order
Export as new Build Order

A.I. 4 (Hard) Protoss 

Build Orders:  

Get SALT Encoding   

  12  0:01  Probe  
  13  0:13  Probe  
  14  0:20  Pylon  
  14  0:25  Probe  
  15  0:34  Probe  
  15  0:42  Probe  
  16  0:47  Assimilator  
  17  0:51  Gateway  
  17  0:52  Probe  
  18  1:00  Pylon, Probe  
  19  1:19  Probe  
  20  1:39  Zealot  
  22  1:41  Gateway  
  22  1:44  Cybernetics Core  
  22  1:45  Assimilator  
  22  1:59  Pylon  
  22  2:10  Adept  
  22  2:21  Warp Gate  
  24  2:32  Zealot  
  26  2:38  Pylon  
  26  2:44  Adept  
  28  2:53  Adept  
  30  3:09  Probe  
  31  3:14  Stalker  
  31  3:18  Pylon  
  31  3:19  Adept  
  33  3:21  Probe  
  36  3:33  Probe  
  37  3:39  Forge  
  37  3:44  Adept  
  37  3:45  Probe  
  40  3:51  Adept  
  42  3:58  Probe  
  43  4:10  Probe  
  44  4:21  Adept  
  46  4:33  Adept  
  47  5:51  Probe  
  47  5:56  Protoss Ground Weapons Level 1  
  47  6:05  Sentry  
  47  6:08  Gateway  
  49  6:12  Pylon  
  49  6:15  Photon Cannon, Stalker  
  49  6:16  Nexus  
  51  6:19  Photon Cannon  
  51  6:21  Robotics Facility  
  51  6:25  Stargate  
  51  6:28  Forge, Stalker  
  51  6:32  Twilight Council  
  53  6:35  Pylon  
  53  6:38  Stalker  
  55  6:50  Protoss Ground Armor Level 1  
  55  6:51  Stalker  
  56  7:01  Sentry  
  58  7:09  Observer  
  58  7:11  Stalker  
  61  7:29  Probe  
  61  7:30  Observer  
  61  7:31  Probe  
  61  7:35  Sentry  
  59  7:37  Assimilator  
  59  7:39  Zealot  
  59  7:41  Pylon, Probe  
  59  7:42  Zealot  
  50  7:46  Pylon  
  36  7:57  Zealot  
  36  8:00  Assimilator  
  36  8:01  Zealot  
  36  8:05  Stalker  
  34  8:17  Stalker  
  32  8:22  Zealot  
  34  8:28  Zealot  
  36  8:41  Stalker  
  30  8:44  Zealot  
  27  8:54  Pylon  
  16  9:10  Pylon  
  16  9:14  Pylon  
  8  9:25  Pylon  
  8  9:28  Pylon  
Show
View Real Time Build Order
Export as new Build Order

Farkwad Zerg - Winner!

Build Orders: 1 Base Baneling Bust, Pool Only 

Get SALT Encoding   

  12  0:07  Drone  
  13  0:18  Drone  
  14  0:28  Extractor  
  14  0:35  Spawning Pool  
  12  1:05  Drone  
  12  1:06  Drone  
  12  1:08  Overlord  
  14  1:29  Spine Crawler  
  13  1:35  Drone  
  13  1:36  Drone  
  15  1:43  Spine Crawler  
  14  1:48  Drone  
  15  1:58  Spine Crawler  
  13  2:11  Spine Crawler  
  12  2:15  Spine Crawler  
  12  2:18  Queen  
  12  2:22  Drone x2  
  15  2:27  Overlord  
  15  2:40  Baneling Nest  
  14  2:50  Spine Crawler  
  13  3:17  Zergling x2  
  13  3:18  Zergling x4  
  16  3:25  Lair  
  16  4:01  Zergling x4  
  16  4:02  Zergling x2  
  19  4:05  Drone  
  20  4:27  Drone x2  
  22  4:40  Spine Crawler  
  21  4:53  Drone x2  
  23  5:02  Spine Crawler  
  20  5:32  Baneling  
  20  5:33  Baneling x3  
  20  5:38  Queen  
  20  5:42  Zergling x6  
  25  5:52  Spine Crawler  
  24  5:59  Spine Crawler  
  18  6:49  Queen  
  20  6:54  Zergling x6  
  23  7:06  Spore Crawler  
  23  7:08  Centrifical Hooks  
  22  7:10  Metabolic Boost  
  22  7:25  Baneling, Burrow  
  22  7:26  Baneling x4  
  22  7:50  Evolution Chamber  
  21  8:00  Drone  
  21  8:01  Drone x3  
  20  8:57  Queen  
  22  9:06  Drone  
  22  9:07  Drone x2  
  25  9:32  Spore Crawler  
  24  9:40  Spore Crawler  
  23  9:57  Spore Crawler  
  22  10:37  Spire  
  21  10:44  Evolution Chamber  
  21  10:49  Extractor  
  19  10:54  Drone x4  
  19  10:56  Zergling x4  
Show
View Real Time Build Order
Export as new Build Order

TNF Protoss - Winner!

Build Orders:  

Get SALT Encoding   

  12  0:04  Probe  
  13  0:16  Probe  
  14  0:28  Probe  
  15  0:54  Pylon  
  15  0:59  Pylon  
  15  1:08  Pylon  
  15  1:12  Probe  
  15  1:14  Assimilator  
  16  1:21  Assimilator  
  16  1:25  Probe  
  17  1:28  Forge  
  17  1:31  Gateway  
  17  1:33  Gateway  
  17  2:16  Nexus  
  17  2:22  Assimilator  
  17  2:27  Assimilator, Probe  
  18  2:39  Probe  
  18  2:41  Zealot  
  21  2:47  Zealot  
  23  2:51  Probe  
  24  3:03  Probe  
  25  3:13  Protoss Shields Level 1  
  25  3:14  Zealot  
  25  3:15  Probe  
  25  3:18  Zealot  
  30  3:32  Probe  
  31  3:41  Zealot  
  31  3:44  Probe  
  34  3:56  Probe  
  34  3:58  Zealot  
  37  4:08  Probe  
  37  4:09  Zealot  
  40  4:13  Cybernetics Core  
  40  4:20  Probe  
  41  4:25  Zealot  
  43  4:32  Probe  
  43  4:36  Zealot  
  46  4:44  Probe  
  47  4:56  Probe  
  48  5:08  Probe  
  49  5:17  Stargate  
  49  5:20  Stargate  
  49  5:21  Probe  
  50  5:22  Protoss Ground Weapons Level 1  
  50  5:23  Protoss Air Weapons Level 1  
  50  5:26  Robotics Facility  
  50  5:30  Twilight Council  
  50  5:42  Probe  
  51  5:50  Stalker  
  51  5:54  Probe  
  54  6:06  Pylon  
  54  6:09  Pylon  
  54  6:11  Pylon  
  54  6:14  Pylon  
  54  6:24  Stalker, Probe  
  57  6:27  Fleet Beacon  
  57  6:37  Probe  
  58  6:49  Probe  
  59  7:07  Tempest  
  59  7:10  Tempest  
  69  7:31  Protoss Air Armor Level 1, Protoss Ground Armor Level 1  
  69  7:46  Stalker  
  69  7:50  Tempest  
  69  7:51  Stalker  
  78  8:03  Tempest  
  83  9:00  Immortal  
  67  9:44  Tempest  
  67  9:47  Tempest  
  77  9:53  Stalker  
  77  9:54  Stalker  
  81  10:23  Adept  
  81  10:24  Adept  
  85  10:46  Pylon  
  85  10:49  Pylon  
  85  10:51  Pylon  
  85  11:04  Tempest, Sentry x2  
  85  11:06  Tempest  
Show
View Real Time Build Order
Export as new Build Order

Raynar Protoss - Winner!

Build Orders:  

Get SALT Encoding   

  1  0:00  Probe  
  12  0:05  Probe  
  14  0:15  Probe  
  15  0:24  Pylon  
  15  0:42  Probe  
  16  0:51  Gateway  
  16  0:54  Probe  
  17  1:02  Probe  
  17  1:08  Assimilator  
  17  1:10  Probe  
  18  1:14  Forge  
  18  1:17  Pylon  
  19  1:20  Probe  
  20  1:30  Pylon  
  20  1:32  Probe  
  21  1:44  Probe  
  21  1:46  Zealot  
  24  1:56  Probe  
  25  2:06  Assimilator  
  25  2:08  Probe  
  25  2:13  Zealot  
  28  2:21  Probe  
  29  2:24  Gateway  
  29  2:30  Probe  
  30  2:37  Protoss Ground Weapons Level 1  
  30  2:38  Probe  
  30  2:43  Zealot  
  33  2:47  Cybernetics Core, Probe  
  34  2:57  Pylon  
  34  2:59  Probe  
  34  3:03  Warp Gate  
  35  3:13  Zealot  
  37  3:24  Gateway  
  37  3:31  Twilight Council  
  37  3:38  Shield Battery  
  37  3:43  Photon Cannon  
  37  3:54  Stalker  
  39  3:56  Stalker  
  41  4:10  Charge  
  41  4:19  Stalker  
  43  4:26  Sentry  
  45  4:58  Nexus  
  45  5:03  Pylon  
  45  5:06  Pylon  
  45  5:21  Probe  
  46  5:33  Probe  
  46  5:34  Photon Cannon  
  47  5:38  Photon Cannon  
  47  5:43  Shield Battery  
  47  5:45  Zealot x3, Probe  
  47  5:49  Shield Battery  
  54  5:51  Assimilator  
  54  5:56  Assimilator  
  54  5:57  Probe  
  54  5:58  Blink  
  54  6:00  Robotics Facility  
  54  6:02  Robotics Facility  
  55  6:05  Pylon  
  55  6:07  Gateway  
  55  6:08  Probe  
  55  6:09  Probe  
  56  6:16  Probe  
  52  6:26  Probe  
  49  6:36  Probe  
  49  6:37  Sentry  
  49  6:38  Sentry  
  49  6:39  Stalker  
  56  6:45  Probe  
  56  6:53  Probe  
  56  6:54  Shield Battery  
  57  6:58  Probe  
  59  7:04  Zealot, Probe  
  59  7:05  Zealot x2  
  66  7:10  Stalker, Probe  
  69  7:16  Probe  
  69  7:20  Immortal  
  71  7:22  Probe  
  71  7:24  Protoss Ground Weapons Level 2  
  71  7:31  Immortal  
  79  7:46  Robotics Bay  
  79  7:51  Gateway  
  79  7:58  Sentry  
  79  7:59  Sentry  
  79  8:02  Adept  
  85  8:10  Pylon  
  85  8:13  Pylon  
  85  8:18  Pylon  
  85  8:21  Pylon  
  85  8:24  Pylon  
  85  8:36  Colossus  
  85  8:39  Zealot x3  
  85  8:40  Extended Thermal Lance, Zealot  
  93  9:57  Stalker  
  93  9:58  Stalker x3  
  93  9:59  Stalker  
  103  10:22  Zealot  
  103  10:23  Zealot x4  
Show
View Real Time Build Order
Export as new Build Order

Throwfordays Protoss - Winner!

Build Orders: 1 Gate Expand 

Get SALT Encoding   

  12  0:01  Probe  
  13  0:13  Pylon  
  13  0:18  Probe  
  14  0:30  Probe  
  14  0:35  Gateway  
  15  0:41  Assimilator  
  15  0:43  Probe  
  16  0:55  Probe  
  17  1:03  Probe  
  17  1:11  Probe  
  19  1:23  Cybernetics Core  
  19  1:34  Nexus  
  19  1:39  Probe  
  20  1:45  Pylon  
  20  1:52  Warp Gate  
  20  1:59  Robotics Facility  
  20  2:10  Gateway  
  20  2:18  Pylon  
  20  2:29  Assimilator  
  20  2:30  Probe  
  21  2:37  Immortal  
  21  2:42  Probe  
  22  2:49  Probe  
  27  2:54  Probe  
  27  2:57  Probe  
  28  3:05  Probe  
  29  3:07  Probe  
  31  3:15  Probe  
  31  3:19  Probe  
  33  3:26  Immortal  
  37  3:31  Probe  
  37  3:33  Pylon  
  38  3:34  Probe  
  39  3:43  Probe  
  39  3:46  Probe  
  41  3:48  Adept  
  41  3:52  Adept  
  45  3:55  Probe  
  45  3:58  Probe  
  47  4:03  Forge  
  47  4:07  Twilight Council  
  47  4:11  Probe, Immortal  
  47  4:12  Probe  
  53  4:25  Adept  
  53  4:28  Adept  
  57  4:53  Immortal  
  57  4:59  Protoss Ground Weapons Level 1  
  57  5:01  Resonating Glaives  
  61  5:07  Probe  
  61  5:09  Pylon  
  61  5:10  Pylon  
  62  5:15  Assimilator  
  62  5:19  Assimilator  
  62  5:27  Adept, Probe x2  
  66  5:28  Adept  
  68  5:39  Gateway, Probe  
  69  5:48  Immortal  
  73  5:51  Probe  
  74  5:58  Stalker  
  74  5:59  Stalker  
  78  6:12  Pylon  
  78  6:16  Pylon  
  78  6:20  Shield Battery  
  78  6:30  Probe, Warp Prism  
  81  6:34  Stalker  
  81  6:35  Stalker  
  85  6:43  Probe  
  86  6:55  Probe  
  87  7:03  Sentry x2  
  87  7:05  Stalker  
  93  7:18  Gateway  
  93  7:21  Gateway  
  93  7:22  Gateway  
  93  7:24  Gateway  
  93  7:36  Stalker  
  93  7:37  Stalker  
  93  7:39  Stalker  
  79  7:59  Pylon  
  79  8:01  Pylon  
  79  8:03  Pylon  
  79  8:04  Stalker x3  
  79  8:05  Pylon  
  83  8:06  Pylon  
  81  8:17  Protoss Ground Weapons Level 2  
  81  8:20  Blink  
  81  8:24  Immortal  
  85  8:27  Stalker  
  85  8:28  Stalker x4  
  85  8:29  Stalker x2  
  97  9:07  Stalker x6  
  97  9:08  Stalker  
  111  9:11  Immortal  
  115  9:51  Immortal  
  119  9:53  Stalker  
  119  9:54  Stalker x5  
  119  9:55  Stalker  
  133  10:00  Pylon  
  133  10:04  Pylon  
  133  10:05  Pylon  
  133  10:06  Pylon  
  123  11:10  Stalker x3  
  129  11:11  Stalker  
  129  11:12  Stalker  
  133  11:23  Stalker x2  
Tags
 
Add a new tag
Caveats
  • Supply blocks, unpowered buildings, or Contaminate may cause inaccurate times.
  • Supply counts are checked every 10 seconds.